 Dungeon Crawl Stone Soup version 0.19-a0-1686-g35356ef (webtiles) character file.

2483 Flanowski the Martial Artist (level 9, -4/41 HPs)
             Began as a Vine Stalker Transmuter on Sept 25, 2016.
             Was a Follower of Ashenzari.
             Slain by a killer bee (6 damage)
             ... on level 7 of the Dungeon.
             The game lasted 00:15:08 (6385 turns).

Flanowski the Martial Artist (VSTm)                 Turns: 6385, Time: 00:15:08

Health: -4/41      AC:  3    Str: 14    XL:     9   Next: 52%
Magic:  0/18       EV: 21    Int: 13    God:    Ashenzari [*.....]
Gold:   323        SH:  0    Dex: 22    Spells: 4 memorised, 8 levels left

rFire  . . .     SeeInvis .       - Unarmed
rCold  . . .     Gourm    .     (armour currently unavailable)
rNeg   . . .     Faith    .     (shield currently unavailable)
rPois  x         Spirit   +     (helmet currently unavailable)
rElec  .         Dismiss  .     (cloak currently unavailable)
rCorr  .         Reflect  .     (gloves currently unavailable)
MR     +....     Harm     .     (boots currently unavailable)
Stlth  ++........               (no amulet)
                                (no ring)
                                (no ring)

@: lethally poisoned (-4 -> -8), spider-form, very slightly contaminated
A: (fangs 0), regeneration 1, magic shield, (antimagic bite), no device heal 3,
rot immunity
a: End Transformation, Curse Item, Scrying, Renounce Religion


You were on level 7 of the Dungeon.
You worshipped Ashenzari.
Ashenzari was aware of your devotion.
You were not hungry.
You were a venomous arachnid creature.
You visited 1 branch of the dungeon, and saw 7 of its levels.

You collected 323 gold pieces.

Inventory:

Missiles
 a - 102 arrows (quivered)
Armour
 b - a cursed +0 robe (melded)
 v - a cursed +0 cloak (melded)
 y - a troll hide {Purgy}
Wands
 p - a wand of random effects (44/48)
 A - a wand of confusion (48/48)
 E - a wand of disintegration (21/24)
 F - a wand of iceblast (5/15)
Scrolls
 i - 2 scrolls of identify
 k - a scroll of enchant weapon
 l - a scroll of amnesia
 C - 2 scrolls of immolation {unknown}
 D - a scroll of recharging
 G - a scroll of teleportation
Potions
 e - a potion of degeneration {unknown}
 f - 4 potions of invisibility {unknown}
 g - 3 potions of curing {unknown}
 h - 2 potions of lignification {unknown}
 j - 2 potions of haste {unknown}
 n - 3 potions of magic {unknown}
 o - a potion of cure mutation {unknown}
 r - a potion of heal wounds {unknown}
 t - a potion of flight {unknown}
 u - a potion of agility {unknown}
 w - 3 potions of mutation {unknown}
 x - a potion of might {unknown}
Books
 c - a book of Changes

   Spells                             Type                      Level
   a - Beastly Appendage              Transmutation                1
   b - Sticks to Snakes               Transmutation                2
   c - Spider Form                    Transmutation/Poison         3
   d - Ice Form                       Ice/Transmutation            4
   e - Blade Hands                    Transmutation                5
 q - a book of the Tempests

   Spells                             Type                      Level
   a - Static Discharge               Conjuration/Air              3
   b - Lightning Bolt                 Conjuration/Air              5
   c - Fireball                       Conjuration/Fire             5
   d - Tornado                        Air                          9
   e - Shatter                        Earth                        9
Comestibles
 d - 4 bread rations
 m - 4 meat rations
 s - a beef jerky
 z - 3 fruits
 B - a chunk of flesh


   Skills:
 + Level 1.5 Fighting
 + Level 2.9 Dodging
 * Level 9.1 Unarmed Combat
 + Level 5.5 Spellcasting
 * Level 6.4 Transmutations
 + Level 2.4 Poison Magic


You had 8 spell levels left.
You knew the following spells:

 Your Spells              Type           Power        Failure   Level  Hunger
a - Beastly Appendage     Tmut           ###...       6%          1    None
b - Sticks to Snakes      Tmut           ###.....     8%          2    ##.....
c - Spider Form           Tmut/Pois      ###.......   28%         3    ###....
d - Blade Hands           Tmut           ###.......   61%         5    ######.


Dungeon Overview and Level Annotations

Branches:
Dungeon (7/15)             Temple (0/1) D:5

Altars:
Ashenzari
Dithmenos
Elyvilon
Hepliaklqana
Trog
Uskayaw
Vehumet
The Shining One


Innate Abilities, Weirdness & Mutations

((You have razor-sharp teeth.))
Your natural rate of healing is unusually fast.
When hurt, damage is shared between your health and your magic reserves.
((Your bite disrupts and absorbs the magic of your enemies.))
Potions and wands cannot restore your health.
You are immune to rotting.


Message History

* * * LOW HITPOINT WARNING * * *
* * * LOW HITPOINT WARNING * * *
You feel sick. The killer bee closely misses you.
Casting: Spider Form
Confirm with . or Enter, or press ? or * to list all spells.
You turn into a venomous arachnid creature.
Your cursed +0 cloak melds into your body.
Your cursed +0 robe melds into your body.
* * * LOW HITPOINT WARNING * * *
You feel sick. The killer bee closely misses you. The killer bee stings you.
* * * LOW HITPOINT WARNING * * *
* * * LOW HITPOINT WARNING * * *
You feel sick. The killer bee misses you.
* * * LOW HITPOINT WARNING * * *
You feel sick. The killer bee misses you.
You bite the killer bee!
The killer bee is almost dead.
* * * LOW HITPOINT WARNING * * *
You feel sick. The killer bee stings you!
You die...

#### #.. #.####.#
#......#######
#####..syy5..#
#......#####.#
#########......# #.#
...............# #5#
.....###.####+## #.#
.#.#.###.# ..#
.........# ..#
.........######. .#.#
................#.....


You could see 2 killer bees and a shadow imp.

Vanquished Creatures
  Pikel (D:6)
  Purgy (D:3)
  An ice beast (D:4)
  2 phantoms
  3 orc warriors (D:6)
  An ogre (D:6)
  A sky beast (D:6)
  2 centaurs
  2 bullfrogs
  Blork the orc (D:6)
  2 scorpions (D:6)
  3 killer bees (D:7)
  A howler monkey (D:6)
  A crimson imp (D:5)
  5 orc priests
  A centaur skeleton (D:5)
  A hound (D:4)
  3 orc wizards
  An iguana (D:6)
  A worker ant (D:6)
  5 adders
  2 shadow imps
  2 oozes
  2 worms
  A dart slug (D:1)
  3 leopard geckos
  23 orcs
  5 ball pythons
  5 bats
  7 giant cockroaches
  7 goblins
  9 hobgoblins
  11 jackals
  9 kobolds
  5 quokkas
  4 frilled lizards
  10 rats
144 creatures vanquished.

Vanquished Creatures (collateral kills)
  A scorpion (D:3)
  2 adders
  A jackal (D:3)
4 creatures vanquished.

Vanquished Creatures (others)
  A slave (D:6)
  A crimson imp (D:6)
  A quokka (D:6)
3 creatures vanquished.

Grand Total: 151 creatures vanquished

Notes
Turn   | Place    | Note
-------+----------+-------------------------------------------
     0 | D:1      | Flanowski the Vine Stalker Transmuter began the quest for the Orb.
     0 | D:1      | Reached XP level 1. HP: 9/9 MP: 4/4
   519 | D:1      | Reached XP level 2. HP: 8/14 MP: 4/6
   874 | D:1      | Reached XP level 3. HP: 17/17 MP: 7/7
  1244 | D:2      | Learned a level 2 spell: Sticks to Snakes
  1248 | D:2      | Learned a level 3 spell: Spider Form
  1535 | D:2      | Reached skill level 1 in Fighting
  1587 | D:2      | Reached skill level 4 in Unarmed Combat
  1637 | D:2      | Found a glowing golden altar of the Shining One.
  1647 | D:2      | Gained mutation: Your natural rate of healing is unusually fast. [Vine Stalker growth]
  1647 | D:2      | Reached XP level 4. HP: 6/22 MP: 8/8
  2104 | D:3      | Reached XP level 5. HP: 16/25 MP: 2/10
  2520 | D:3      | Noticed a hand axe
  2520 | D:3      | Noticed a hand axe
  2523 | D:3      | Found a hide-covered altar of Uskayaw.
  2709 | D:3      | Found a hide-covered altar of Uskayaw.
  2710 | D:3      | Noticed Purgy
  2833 | D:3      | Killed Purgy
  2833 | D:3      | Reached skill level 5 in Unarmed Combat
  2833 | D:3      | Reached XP level 6. HP: 11/30 MP: 1/11
  3174 | D:3      | Found a shattered altar of Ashenzari.
  3251 | D:3      | Became a worshipper of Ashenzari the Shackled
  3461 | D:4      | Noticed an ice beast
  3537 | D:4      | Killed an ice beast
  3537 | D:4      | Reached skill level 1 in Poison Magic
  3537 | D:4      | Reached XP level 7. HP: 20/33 MP: 2/13
  3646 | D:4      | Found a shadowy altar of Dithmenos.
  3649 | D:4      | Found a hazy altar of Hepliaklqana.
  3649 | D:4      | Found a white marble altar of Elyvilon.
  4117 | D:5      | Entered Level 5 of the Dungeon
  4924 | D:5      | Found a staircase to the Ecumenical Temple.
  4930 | D:5      | Reached skill level 6 in Unarmed Combat
  4970 | D:5      | Reached skill level 5 in Transmutations
  4978 | D:5      | Gained mutation: You have razor-sharp teeth. [Vine Stalker growth]
  4978 | D:5      | Reached XP level 8. HP: 28/37 MP: 12/15
  5044 | D:5      | Reached * piety under Ashenzari
  5314 | D:6      | Noticed Pikel
  5336 | D:6      | Killed Pikel
  5336 | D:6      | Reached skill level 7 in Unarmed Combat
  5496 | D:6      | Reached skill level 8 in Unarmed Combat
  5496 | D:6      | Reached skill level 5 in Spellcasting
  5521 | D:6      | Reached XP level 9. HP: 17/41 MP: 5/17
  5596 | D:6      | Learned a level 5 spell: Blade Hands
  5725 | D:6      | Found a radiant altar of Vehumet.
  5898 | D:6      | Found a bloodstained altar of Trog.
  5965 | D:6      | Noticed Blork the orc
  5974 | D:6      | Killed Blork the orc
  6167 | D:6      | Reached skill level 9 in Unarmed Combat
  6384 | D:7      | HP: 2/41 [poisoned by a killer bee]
  6385 | D:7      | Slain by a killer bee

Vault maps used:
D:1:      dpeg_arrival_oval
D:2:      nicolae_tso_carved_into_rock
D:3:      dancing_weapons_uskayaw, ashenzari_conservatory_becter, minivault_27,
          lemuel_tele_altar, uniq_purgy
D:4:      grunt_temple_overflow_open, first_bread
D:5:      minmay_door_square
D:6:      bloody_trog, nicolae_overflow_crystal_walls, uniq_blork_the_orc,
          uniq_pikel
D:7:      corexii_shantytown, nicolae_overflow_hidden_temple, grunt_livestock

Skill      XL: |  1  2  3  4  5  6  7  8  9 |
---------------+----------------------------+-----
Fighting       | 1 |  1.5
Unarmed Combat | 4 5 6 8 9 |  9.1
Transmutations | 3 4 5 6 |  6.4
Spellcasting   | 3 4 5 |  5.5
Dodging        | 2 |  2.9
Poison Magic   | 1 2 |  2.4

Action                   |  1- 3 |  4- 6 |  7- 9 || total
-------------------------+-------+-------+-------++-------
Melee: Unarmed           |   110 |   136 |   218 ||   464
       Bite              |    27 |    20 |    16 ||    63
       Headbutt          |     7 |    13 |     5 ||    25
       Kick              |    11 |     2 |       ||    13
       Punch             |     2 |       |     1 ||     3
 Cast: Beastly Appendage |    30 |    16 |    10 ||    56
       Sticks to Snakes  |     4 |    12 |     5 ||    21
       Spider Form       |       |     8 |    25 ||    33
Invok: Curse Item        |       |       |     1 ||     1
  Use: Scroll            |       |       |     5 ||     5
 Stab: Sleeping          |       |       |     3 ||     3
       Distracted        |       |       |     1 ||     1
  Eat: Chunk             |     3 |     8 |     8 ||    19
       Bread ration      |       |       |     1 ||     1
Armor: Robe              |    27 |    29 |     6 ||    62
       Skin              |       |     5 |    12 ||    17
Dodge: Dodged            |    68 |   117 |   153 ||   338
